 Dungeon Sprint DCSS version 0.31-a0-931-g7b59d4eb97 (webtiles) character file.

Game seed: 17166232303501228605

1702 sircluck the Grappler (level 8, 0/93 HPs)
             Began as a Troll Berserker on Oct 19, 2023.
             Was an Elder of Trog.
             Slain by a blink frog (18 damage)
             ... in the Dungeon (Sprint VII: "The Pits").
             The game lasted 00:02:34 (397 turns).

sircluck the Grappler (Troll Berserker)              Turns: 397, Time: 00:02:35

Health: 0/93       AC:  4    Str: 28    XL:     8   Next: 73%
Magic:  7/7        EV: 12    Int:  3    God:    Trog [****..]
Gold:   0          SH:  0    Dex:  9    Spells: 7/7 levels left

rFire   . .          .
                       - Unarmed
rCold   . . .        (no shield)
rNeg    . . .        a - +0 animal skin
rPois   .            (helmet restricted)
rElec   .            (no cloak)
rCorr   .            (gloves unavailable)
SInv    .            (boots unavailable)
Will    .....        (no amulet)
Stlth   +            (no ring)
HPRegen 1.15/turn    (no ring)
MPRegen 0.10/turn

%: no teleportation
@: on berserk cooldown, slowed, very slow
A: large, unfitting armour, claws 3, regeneration 1, shaggy fur 1, tough skin 1
a: Renounce Religion, Berserk, Trog's Hand, Brothers in Arms


You were in the Dungeon.
You worshipped Trog.
Trog was greatly pleased with you.
You visited 1 branch

Inventory:

Armour
 a - a +0 animal skin (worn)
Scrolls
 g - a scroll of blinking
 i - 2 scrolls of vulnerability
 j - a scroll of butterflies
Potions
 b - 6 potions of curing
 c - 6 potions of heal wounds
 d - a potion of haste
 e - 4 potions of magic
 f - 3 potions of berserk rage
 h - 2 potions of invisibility


   Skills:
 + Level 10.1 Fighting
 + Level 9.9 Dodging
 + Level 11.7 Unarmed Combat


You had 7 spell levels left.
You didn't know any spells.
Your spell library was empty.

Dungeon Overview and Level Annotations

Branches:
Dungeon (1/1)

Altars:
Ashenzari
Cheibriados
Dithmenos
Elyvilon
Fedhas
Gozag
Hepliaklqana
Kikubaaqudgha
Makhleb
Nemelex Xobeh
Okawaru
Qazlal
Ru
Sif Muna
Trog
Uskayaw
Vehumet
Wu Jian
Xom
Yredelemnul
Zin
The Shining One
Jiyva
Lugonu


Innate Abilities, Weirdness & Mutations

You are too large for most types of armour.
You have claws for hands.
Your natural rate of healing is unusually fast.
You are covered in fur. (AC +1)
You have tough skin. (AC +1)


Message History

You see here a +0 flail.
You scratch the blink frog. Your claw misses the blink frog.
The blink frog is lightly wounded.
The blink frog hits you. x2
* * * LOW HITPOINT WARNING * * *
You mangle the blink frog!!
The blink frog is severely wounded.
The blink frog blinks!
There is an open door, spattered with blood here.
Things that are here:
a warg corpse; a giant cockroach corpse The blink frog hits you but does no damage.
You are too injured to fight recklessly!
You are too injured to fight recklessly!
You are too injured to fight recklessly!
You are too injured to fight recklessly!
You are too injured to fight recklessly!
You are too injured to fight recklessly!
You mangle the blink frog!!
You kill the blink frog!
Trog accepts your kill.
Your Fighting skill increases to level 10!
A blink frog is nearby!
The blink frog hits you.
The blink frog blinks!
There is an open door here.
You are too injured to fight recklessly!
You are too injured to fight recklessly!
You are too injured to fight recklessly!
You are too injured to fight recklessly!
You are too injured to fight recklessly!
You are too injured to fight recklessly!
You are too injured to fight recklessly!
You claw the blink frog!
The blink frog is moderately wounded.
The blink frog hits you! x2
* * * LOW HITPOINT WARNING * * *
You closely miss the blink frog.
The blink frog is moderately wounded.
The blink frog hits you!!
You die...

#.#.†)..#'###...<...#
#.#........##.......#
#†#........##.......#
#'###########.......#
#.......#..##########
#...#...#†######
#...#...#)#....#
#.##.##.#†#....#
#...#...#@F....+
#...#...#'#....#
#.......).#....#
################


You could see a blink frog.

Vanquished Creatures
  A gargoyle (D)
  A hornet (D)
  2 blink frogs (D)
  2 flying skulls (D)
  A warg (D)
  A sky beast (D)
  2 scorpions (D)
  A bullfrog (D)
  A crimson imp (D)
  An iron imp (D)
  An iguana (D)
  2 adders (D)
  An orc (D)
  A ball python (D)
  A bat skeleton (D)
  2 endoplasms (D)
  A giant cockroach (D)
  A quokka (D)
  A kobold (D)
  A rat (D)
25 creatures vanquished.

Notes
Turn   | Place    | Note
-------+----------+-------------------------------------------
     0 | D        | sircluck the Troll Berserker began the quest for the Orb.
     0 | D        | Reached XP level 1. HP: 22/22 MP: 0/0
    24 | D        | Found a bloodstained altar of Trog.
    24 | D        | Found a shimmering blue altar of Sif Muna.
    24 | D        | Found a viscous altar of Jiyva.
    24 | D        | Found a hazy altar of Hepliaklqana.
    24 | D        | Found an opulent altar of Gozag.
    25 | D        | Found a glowing golden altar of the Shining One.
    25 | D        | Found a glowing silver altar of Zin.
    25 | D        | Found a basalt altar of Yredelemnul.
    25 | D        | Found a shimmering altar of Xom.
    25 | D        | Found an ornate altar of the Wu Jian Council.
    25 | D        | Found a sacrificial altar of Ru.
    25 | D        | Found a stormy altar of Qazlal.
    25 | D        | Found an iron altar of Okawaru.
    25 | D        | Found a sparkling altar of Nemelex Xobeh.
    25 | D        | Found a burning altar of Makhleb.
    25 | D        | Found a blossoming altar of Fedhas.
    25 | D        | Found a white marble altar of Elyvilon.
    25 | D        | Found a shadowy altar of Dithmenos.
    25 | D        | Found a snail-covered altar of Cheibriados.
    28 | D        | Found a corrupted altar of Lugonu.
    28 | D        | Found a radiant altar of Vehumet.
    29 | D        | Found an ancient bone altar of Kikubaaqudgha.
    29 | D        | Found a hide-covered altar of Uskayaw.
    29 | D        | Found a broken altar of Ashenzari.
    70 | D        | Reached XP level 2. HP: 31/31 MP: 1/1
    70 | D        | Reached ** piety under Trog
    71 | D        | Reached skill level 4 in Unarmed Combat
    82 | D        | Noticed a scorpion
    93 | D        | Killed a scorpion
    94 | D        | Reached skill level 5 in Unarmed Combat
    94 | D        | Reached XP level 3. HP: 13/40 MP: 2/2
    94 | D        | Reached XP level 4. HP: 16/49 MP: 3/3
   129 | D        | Noticed a bullfrog
   136 | D        | Killed a bullfrog
   136 | D        | Reached *** piety under Trog
   137 | D        | Reached skill level 5 in Fighting
   137 | D        | Reached skill level 5 in Dodging
   137 | D        | Reached skill level 6 in Unarmed Combat
   137 | D        | Reached XP level 5. HP: 45/57 MP: 4/4
   189 | D        | Noticed a sky beast
   191 | D        | Noticed a flying skull
   210 | D        | Killed a flying skull
   211 | D        | Reached skill level 8 in Unarmed Combat
   211 | D        | Reached XP level 6. HP: 37/68 MP: 5/5
   214 | D        | Reached **** piety under Trog
   218 | D        | Killed a sky beast
   256 | D        | Reached skill level 9 in Unarmed Combat
   268 | D        | Reached ***** piety under Trog
   269 | D        | Reached XP level 7. HP: 73/79 MP: 6/6
   290 | D        | Noticed a hornet
   292 | D        | Paralysed by a hornet for 1 turns
   295 | D        | Killed a hornet
   295 | D        | Identified the +6 glaive of Light {flame, *Noise rPois rN+}
                  | (Trog gifted it to you in the Dungeon)
   295 | D        | Received a gift from Trog
   335 | D        | Noticed a flying skull
   338 | D        | Reached skill level 10 in Unarmed Combat
   346 | D        | Killed a flying skull
   347 | D        | Reached XP level 8. HP: 80/92 MP: 7/7
   358 | D        | Noticed a blink frog
   358 | D        | Noticed a blink frog
   358 | D        | Noticed a blink frog
   358 | D        | Noticed a gargoyle
   369 | D        | Killed a blink frog
   374 | D        | Reached skill level 11 in Unarmed Combat
   381 | D        | Killed a gargoyle
   388 | D        | Killed a blink frog
   389 | D        | Reached skill level 10 in Fighting
   397 | D        | Slain by a blink frog

Illustrated notes

Levels and vault maps discovered:
D:        pitsprint [storerooms_1, entrance_room_1, metal_vault_5, armoury_2,
          mini_pit_1, grid_room_1, main_hall_1, silver_pit, the_coven_2,
          the_vestibule_1, steel_vault_4, golden_pit, hallway_of_sentries,
          crystal_vault_2, iron_vault_4, final_vault]

Skill      XL: |  1  2  3  4  5  6  7  8 |
---------------+-------------------------+-----
Fighting       | 3 4 5 6 7 9 10 | 10.1
Dodging        | 3 4 5 6 7 8 9 |  9.9
Unarmed Combat | 5 6 8 9 10 11 | 11.7

Action                     |  1- 3 |  4- 6 |  7- 9 || total
---------------------------+-------+-------+-------++-------
  Melee: Unarmed           |    12 |    38 |    35 ||    85
         Punch             |       |     1 |     1 ||     2
 Invoke: Berserk           |       |     1 |     1 ||     2
         Brothers in Arms  |       |       |     1 ||     1
 Armour: Animal skin       |     8 |    27 |    27 ||    62
  Dodge: Dodged            |     1 |    19 |     7 ||    27

Table legend: (Time is in decaauts)
 A = Elapsed time spent in this place.
 B = Non-inter-level travel time spent in this place.
 C = Inter-level travel time spent in this place.
 D = Time resting spent in this place.
 E = Time spent auto-exploring this place.
 F = Levels seen in this place.
 G = Mean time per level.
                   A        B        C        D        E       F      G
               +--------+--------+--------+--------+--------+-----+--------+
         Total |    398 |    398 |      0 |     99 |    118 |   1 |  398.0 |
       Dungeon |    398 |    398 |      0 |     99 |    118 |   1 |  398.0 |
               +--------+--------+--------+--------+--------+-----+--------+

Top non-repeatable levels by time:
       D: 398 daAuts
